 Dungeon Crawl Stone Soup version 0.24.0-13-gcf9b3192b9 (webtiles) character file.

Game seed: 15156153523949018517, levelgen mode: deterministic

30 Monsterracer the Chiller (level 3, -1/19 HPs)
             Began as a Tengu Ice Elementalist on Nov 7, 2019.
             Slain by a frilled lizard (3 damage)
             ... on level 2 of the Dungeon.
             The game lasted 00:00:41 (1377 turns).

Monsterracer the Chiller (Tengu Ice Elementalist)   Turns: 1377, Time: 00:00:42

Health: -1/19      AC:  2    Str:  8    XL:     3   Next: 20%
Magic:  5/7        EV: 12    Int: 16    God:
Gold:   36         SH:  0    Dex: 14    Spells: 5/6 levels left

rFire    . . .     SeeInvis .   f - +0 spear
rCold    . . .     Gourm    .   (no shield)
rNeg     . . .     Faith    .   a - +0 robe
rPois    .         Spirit   .   (helmet restricted)
rElec    .         Reflect  .   (no cloak)
rCorr    .         Harm     .   (no gloves)
MR       .....                  (boots unavailable)
Stlth    ++........             (no amulet)
HPRegen  0.06/turn              (no ring)
MPRegen  0.10/turn              (no ring)

@: no status effects
A: beak, talons 3
a: no special abilities


You were on level 2 of the Dungeon.
You were not hungry.

You visited 1 branch of the dungeon, and saw 2 of its levels.

You collected 36 gold pieces.

Inventory:

Hand Weapons
 f - a +0 spear (weapon)
   (You found it on level 1 of the Dungeon)
Armour
 a - a +0 robe (worn)
Scrolls
 g - a scroll of identify {unknown}
 i - 2 scrolls of teleportation {unknown}
Potions
 b - a potion of cancellation {unknown}
 d - a potion of lignification {unknown}
 e - a potion of curing {unknown}
 h - 2 potions of brilliance {unknown}
Comestibles
 c - a ration
 j - a chunk of flesh


   Skills:
 - Level 2.1 Dodging
 - Level 2.0 Stealth
 + Level 2.4 Spellcasting
   Level 1.3 Conjurations
 * Level 3.5 Ice Magic


You had 5 spell levels left.
You knew the following spells:

 Your Spells              Type           Power        Failure   Level  Hunger
a - Freeze                Ice            ##..         4%          1    #......

Your spell library contained the following spells:

 Spells                   Type           Power        Failure   Level  Hunger
 Throw Frost              Conj/Ice       #.....       11%         2    ###....
 Ozocubu's Armour         Chrm/Ice       #.......     28%         3    ###....
 Throw Icicle             Conj/Ice       #.......     58%         4    #####..
 Summon Ice Beast         Ice/Summ       #.......     67%         4    #####..


Dungeon Overview and Level Annotations

Branches:
Dungeon (2/15)

Altars:


Innate Abilities, Weirdness & Mutations

You have a beak for a mouth.
You have claws for feet.


Message History

Confirm with . or Enter, or press ? or * to list all spells.
Aiming: Freeze (safe; 5% risk of failure)
Press: ? - help, Shift-Dir - straight line, f - jackal
Aim: a jackal You freeze the jackal.
The jackal is moderately wounded.
The jackal barely misses you.
Casting: Freeze (safe; 5% risk of failure)
Confirm with . or Enter, or press ? or * to list all spells.
Aiming: Freeze (safe; 5% risk of failure)
Press: ? - help, Shift-Dir - straight line, f/p - jackal
Aim: a jackal (moderately wounded)
You freeze the jackal.
You kill the jackal!
You butcher the jackal corpse.
h - a chunk of flesh You see here a jackal skeleton. x2
Eating a chunk of flesh.
You eat the chunk of flesh.
This raw flesh tastes terrible.
h - 2 puce potions
i - a scroll labeled IGISTR UDARAEFOI
i - 2 scrolls labeled IGISTR UDARAEFOI (gained 1) Done exploring.
Done exploring.
Done exploring.
(D) Dungeon
Where to? (? - help)
There is a stone staircase leading down here.
You climb downwards.
Found 24 stones.
There is a stone staircase leading up here.
You are feeling hungry.
Found a club.
An adder comes into view.
An adder is nearby!
The adder hisses angrily.
You hit the adder. Your kick misses the adder. Your peck misses the adder.
The adder is lightly wounded.
The adder barely misses you.
Casting: Freeze (safe; 5% risk of failure)
Confirm with . or Enter, or press ? or * to list all spells.
Aiming: Freeze (safe; 5% risk of failure)
Press: ? - help, Shift-Dir - straight line, f - adder
Aim: an adder (lightly wounded)
You freeze the adder.
The adder is heavily wounded.
The adder seems to slow down.
The adder bites you.
You are poisoned.
The adder poisons you!
Casting: Freeze (safe; 5% risk of failure)
Confirm with . or Enter, or press ? or * to list all spells.
Aiming: Freeze (safe; 5% risk of failure)
Press: ? - help, Shift-Dir - straight line, f/p - adder
Aim: an adder (heavily wounded, slow)
You freeze the adder.
The adder is almost dead.
The adder seems to slow down.
You feel sick. The adder bites you.
You are lethally poisoned!
The adder poisons you!
Casting: Freeze (safe; 5% risk of failure)
Confirm with . or Enter, or press ? or * to list all spells.
Aiming: Freeze (safe; 5% risk of failure)
Press: ? - help, Shift-Dir - straight line, f/p - adder
Aim: an adder (almost dead, slow)
You freeze the adder.
You kill the adder!
You have reached level 3!
Your experience leads to an increase in your attributes!
Increase (S)trength, (I)ntelligence, or (D)exterity?
You feel clever.
You feel sick.
Memorise Ozocubu's Armour, consuming 3 spell levels and leaving 2?
Your memorisation is interrupted.
You feel sick.
You see here an adder corpse.
You butcher the adder corpse.
You feel sick.
j - 2 chunks of flesh You see here an adder skeleton.
You feel sick.
You start resting.
Eating one of 2 chunks of flesh.
You eat one of the 2 chunks of flesh.
This raw flesh tastes terrible.
You feel sick. x6
An adder comes into view.
An adder is nearby!
An adder is nearby!
You feel sick.
You see here an adder skeleton.
You start resting.
You feel sick.
You are no longer poisoned.
You start resting.
A frilled lizard comes into view.
Casting: Freeze (safe; 4% risk of failure)
Confirm with . or Enter, or press ? or * to list all spells.
Aiming: Freeze (safe; 4% risk of failure)
Press: ? - help, Shift-Dir - straight line, f - frilled lizard
Aim: a frilled lizard You freeze the frilled lizard.
The frilled lizard is severely wounded.
The frilled lizard seems to slow down.
The frilled lizard bites you.
You die...

#.# #.# ...
#.# #.# #.#
#.# #
#@#######.#.
#l##........
#.....).....
####.#..S...
#####....##.
#<.....#....#
#.###...(####
#.# #.#.##
#.# #.#.#


You could see a frilled lizard.

Vanquished Creatures
  An adder (D:2)
  3 dart slugs (D:1)
  3 goblins (D:1)
  A hobgoblin (D:1)
  2 jackals (D:1)
  2 frilled lizards (D:1)
  4 rats (D:1)
16 creatures vanquished.

Notes
Turn   | Place    | Note
-------+----------+-------------------------------------------
     0 | D:1      | Monsterracer the Tengu Ice Elementalist began the quest for
                  | the Orb.
     0 | D:1      | Reached XP level 1. HP: 10/10 MP: 4/4
   132 | D:1      | Reached skill level 3 in Ice Magic
   303 | D:1      | Reached XP level 2. HP: 15/15 MP: 4/6
  1342 | D:2      | Reached XP level 3. HP: 12/19 MP: 3/7
  1346 | D:2      | HP: 9/19 [poisoned by an adder]
  1352 | D:2      | HP: 6/19 [poisoned by an adder]
  1358 | D:2      | HP: 4/19 [poisoned by an adder]
  1366 | D:2      | HP: 3/19 [poisoned by an adder]
  1377 | D:2      | Slain by a frilled lizard

Levels and vault maps discovered:
D:1:      dpeg_arrival_simpleton_b, layout_basic, ebering_dispersal_statue_hall
D:2:      layout_loops_ring, lemuel_zombie_altar_kikubaaqudgha, first_ration,
          uniq_robin, uniq_terence

Skill      XL: |  1 |
---------------+----+-----
Ice Magic      | 3 |  3.5
Dodging        | |  2.1
Stealth        | |  2.0
Spellcasting   | |  2.4
Conjurations   | |  1.3

Action                   || total
-------------------------++-------
Melee: Spear             ||    10
       Peck              ||     3
 Cast: Freeze            ||    26
 Stab: Sleeping          ||     3
  Eat: Chunk             ||     2
Dodge: Dodged            ||    12
